Map: Temple of the Past

Players

LilArrin

  • Race: Terran Terran
  • Spawn Location: 0:00

LilArrin

  • Race: Protoss Protoss
  • Spawn Location: 0:00

LilArrin

  • Race: Protoss Protoss
  • Spawn Location: 0:00

VOD

Have the link to the VOD?

Description

Time

  • Played on: Jan. 28, 2018, 12:28 a.m.
  • Length: 26:28
Show
View Real Time Build Order
Export as new Build Order

LilArrin Terran 

Build Orders:  

Get SALT Encoding   

  12  0:03  SCV  
  13  0:20  SCV  
  14  0:32  Supply Depot  
  14  0:37  SCV  
  15  0:53  SCV  
  16  1:10  SCV  
  17  1:23  Command Center  
  17  1:28  SCV  
  18  1:45  SCV  
  18  1:49  Barracks  
  19  1:58  Refinery  
  19  2:02  SCV  
  20  2:20  Marine  
  20  2:22  Orbital Command  
  21  2:36  Bunker  
  21  2:38  Marine  
  21  2:48  Marine  
  23  3:03  Orbital Command, SCV  
  23  3:04  Marine  
  25  3:14  Marine  
  26  3:20  SCV  
  26  3:27  Factory  
  27  3:32  Marine  
  28  3:46  Barracks  
  28  3:54  Barracks Tech Lab  
  28  3:56  SCV  
  29  4:00  Supply Depot  
  29  4:17  SCV  
  30  4:20  Marine  
  30  4:22  Barracks Reactor, Supply Depot  
  30  4:28  Factory Tech Lab  
  31  4:30  Marine  
  31  4:34  Supply Depot  
  32  4:43  SCV  
  32  4:48  Marine  
  33  4:54  Vulture  
  33  4:56  Replenishable Magazine  
  36  5:04  Vulture  
  38  5:14  Vulture  
  40  5:20  Combat Shields  
  40  5:21  Marine x2  
  40  5:25  Vulture  
  44  6:01  Vulture  
  44  6:08  Marine x2  
  46  6:10  Marine  
  46  6:11  Vulture  
  46  6:18  Marine  
  51  6:20  Medic  
  51  6:21  Vulture  
  51  6:24  Marine  
  51  6:29  Marine  
  57  6:30  Medic  
  57  6:31  Vulture  
  62  6:46  Marine  
  60  7:01  Vulture  
  62  7:19  Vulture, Supply Depot, Marine x3  
  62  7:21  Supply Depot  
  62  7:29  Medic, Vulture  
  67  7:39  Vulture  
  73  8:01  Marine  
  73  8:02  Marine  
  73  8:03  Marine  
  76  8:12  Marine  
  76  8:16  Marine  
  76  8:17  Cerberus Mines  
  78  8:37  Marine  
  78  8:38  Marine  
  78  8:41  Medic  
  78  8:46  Vulture  
  78  8:47  Marine  
  77  8:51  Marine  
  77  8:52  Marine  
  77  8:59  Marine  
  78  9:00  Supply Depot  
  78  9:02  Marine x2  
  78  9:03  Supply Depot  
  78  9:09  Marine  
  79  9:12  Marine  
  79  9:13  Marine  
  82  9:22  Medic  
  82  9:25  Marine  
  82  9:26  Marine  
  86  9:32  Marine  
  86  9:35  Marine  
  87  9:49  Marine  
  87  9:51  Marine  
  87  9:53  Marine  
  87  9:59  Marine  
  90  10:01  Marine  
  90  10:03  Marine  
  90  10:09  Marine  
  92  10:11  Marine  
  92  10:13  Marine  
  92  10:19  Marine  
  91  10:21  Marine  
  91  10:23  Marine  
  91  10:29  Marine  
  87  10:32  Marine  
  88  10:51  Marine  
  88  10:53  Marine  
  88  10:54  Marine  
  90  11:24  Command Center  
  90  11:32  Factory Reactor  
  90  11:43  Medic  
  90  11:45  Marine x2  
  90  11:53  Medic  
  92  12:04  Medic  
  94  12:14  Orbital Command  
  94  12:32  Command Center  
  94  12:52  Barracks  
  94  13:02  Stabilizer Medpacks  
  94  13:04  Marine x3  
  97  13:14  Medic, Marine  
  97  13:17  Orbital Command  
  97  13:37  SCV x2  
  99  13:44  Armory  
  99  13:51  Engineering Bay  
  99  14:18  Marine x2  
  101  14:36  Vulture x2  
  105  14:45  Orbital Command  
  105  14:46  Vulture  
  105  14:47  Vulture  
  109  14:53  Terran Infantry Weapons Level 1  
  109  14:56  Afterburners  
  106  15:27  SCV x4  
  106  15:28  Marine  
  110  15:30  Medic x2  
  110  15:31  Marine  
  110  15:32  Supply Depot  
  116  15:49  Vulture x2  
  116  15:59  Vulture x2  
  120  16:05  Marine  
  120  16:07  Marine x2  
  120  16:08  Marine  
  125  16:15  Marine  
  125  16:17  Medic  
  100  16:30  Marine  
  131  16:39  Medic, Marine, Supply Depot  
  132  16:41  Supply Depot  
  132  16:45  Terran Vehicle and Ship Weapons Level 1  
  135  16:52  Vulture x2  
  135  16:57  Marine  
  139  17:00  Marine x3  
  139  17:02  Vulture x2  
  139  17:08  Marine  
  148  17:20  Supply Depot  
  148  17:21  Marine  
  148  17:23  Supply Depot, SCV x2  
  148  17:28  Marine x2  
  153  17:40  Vulture x2  
  157  17:50  Vulture  
  157  17:51  Vulture  
  157  17:54  Supply Depot, Terran Infantry Armor Level 1  
  161  18:00  Refinery  
  154  18:16  Marine x2  
  154  18:17  Marine x2  
  149  18:26  Marine  
  149  18:27  Medic  
  150  18:31  Marine x2  
  150  18:37  Medic, Marine  
  155  18:41  Marine x2  
  159  18:56  Marine  
  160  19:11  Marine  
  160  19:12  SCV x4  
  160  19:15  Marine x2  
  160  19:16  Marine  
  168  19:21  Marine  
  168  19:25  Marine  
  168  19:26  Medic  
  172  19:39  Supply Depot  
  172  19:42  Supply Depot  
  172  19:43  SCV  
  172  19:48  Marine  
  172  19:49  Medic, Marine x2  
  177  20:12  Marine x2  
  179  20:23  Supply Depot  
  179  20:26  Supply Depot  
  179  20:58  Marine x2  
  179  20:59  Marine x2  
  177  21:06  Terran Infantry Weapons Level 2  
  177  21:08  Marine  
  177  21:09  Medic  
  184  21:21  Marine  
  184  21:22  Medic, Marine x2  
  188  21:49  Marine x4  
  192  22:03  Marine x3  
  191  22:25  Marine  
  191  22:26  Medic, Marine x2  
  196  22:36  Marine x4  
  200  22:46  Marine  
  199  23:06  Marine  
  200  23:16  Marine  
  193  24:05  Marine  
  193  24:06  Medic, Marine x2  
  198  24:16  Marine x2  
  196  24:50  Marine x2  
  196  24:51  Medic, Marine  
Show
View Real Time Build Order
Export as new Build Order

LilArrin Protoss 

Build Orders:  

Get SALT Encoding   

Show
View Real Time Build Order
Export as new Build Order

LilArrin Protoss 

Build Orders:  

Get SALT Encoding   

Tags
 
Add a new tag
Caveats
  • Supply blocks, unpowered buildings, or Contaminate may cause inaccurate times.
  • Supply counts are checked every 10 seconds.